 Dungeon Crawl Stone Soup version 0.26-a0-291-g3d11bbfad5 (webtiles) character file.

Game seed: 16789148263755846335

1548 BritishOli the Skirmisher (level 8, 0/64 HPs)
             Began as a Demonspawn Fighter on July 14, 2020.
             Was a Believer of Okawaru.
             Slain by an orc warrior
             ... wielding a +0 long sword
              (2 damage)
             ... on level 6 of the Dungeon.
             The game lasted 00:08:33 (6089 turns).

BritishOli the Skirmisher (Demonspawn Fighter)      Turns: 6089, Time: 00:08:33

Health: 0/64       AC: 16    Str: 22    XL:     8   Next: 57%
Magic:  8/8        EV:  9    Int: 11    God:    Okawaru [**....]
Gold:   468        SH:  5    Dex: 12    Spells: 7/7 levels left

rFire    . . .     SeeInvis .   a - +0 long sword
rCold    + + .     Faith    .   D - +0 buckler of Xeho {rPois rC++ Str+4}
rNeg     + . .     Spirit   .   C - +1 scale mail {rPois}
rPois    +         Reflect  .   (helmet restricted)
rElec    .         Harm     .   o - +2 cloak
rCorr    +                      i - +0 pair of gloves
MR       .....                  (no boots)
Stlth    ..........             (no amulet)
HPRegen  0.20/turn              k - ring of resist corrosion
MPRegen  0.11/turn              v - ring of positive energy

@: lethally poisoned (0 -> -1)
A: antennae 2, yellow scales 2, rot immunity
a: Heroism, Renounce Religion


You were on level 6 of the Dungeon.
You worshipped Okawaru.
Okawaru was pleased with you.
You visited 2 branches of the dungeon, and saw 7 of its levels.

You collected 468 gold pieces.

Inventory:

Hand Weapons
 a - a +0 long sword (weapon)
Armour
 c - a +0 kite shield
 i - a +0 pair of gloves (worn)
 n - the +2 robe of Joffocol {Harm *Slow rPois Slay+4, unknown}
   (You found it on level 5 of the Dungeon)

   It affects your accuracy and damage with ranged weapons and melee attacks
   (+4).
   It protects you from poison.
   It may slow you when you take damage.
   It increases damage dealt and taken.
 o - a +2 cloak (worn)
 s - a +0 cloak of poison resistance
 u - a +0 plate armour
 C - a +1 scale mail of poison resistance (worn)
 D - the +0 buckler of Xeho (worn) {rPois rC++ Str+4}
   (You found it on level 6 of the Dungeon)

   It affects your strength (+4).
   It greatly protects you from cold.
   It protects you from poison.
Jewellery
 k - a ring of resist corrosion (left hand)
 v - a ring of positive energy (right hand)
Wands
 m - a wand of polymorph (8)
 w - a wand of digging (6)
Scrolls
 b - a scroll of fog {unknown}
 e - a scroll of noise {unknown}
 j - a scroll of fear
 q - a scroll of identify
 t - 2 scrolls of magic mapping
 y - a scroll of teleportation
 z - a scroll of enchant armour {unknown}
 B - a scroll of remove curse
Potions
 d - 2 potions of might
 f - a potion of lignification {unknown}
 g - 3 potions of curing {unknown}
 h - 2 potions of degeneration {unknown}
 l - 3 potions of brilliance {unknown}
 p - 2 potions of haste {unknown}
 r - a potion of heal wounds {unknown}
 x - a potion of berserk rage {unknown}
 A - 2 potions of resistance {unknown}


   Skills:
 + Level 6.1 Fighting
 + Level 5.2 Long Blades
 + Level 5.5 Armour
 + Level 5.6 Shields


You had 7 spell levels left.
You didn't know any spells.
Your spell library contained the following spells:

 Spells                   Type           Power        Failure   Level
 Animate Skeleton         Necr           #.....       65%         1
 Apportation              Tloc           #.....       65%         1
 Corona                   Hex            #......      65%         1
 Freeze                   Ice            #...         65%         1
 Summon Small Mammal      Summ           #...         65%         1
 Ensorcelled Hibernation  Hex/Ice        #.....       78%         2
 Confusing Touch          Hex            #.......     95%         3
 Dazzling Flash           Conj/Hex       #.....       95%         3
 Frozen Ramparts          Ice            #.....       95%         3
 Ozocubu's Armour         Chrm/Ice       #.......     95%         3
 Tukima's Dance           Hex            #.......     95%         3
 Hailstorm                Conj/Ice       #.......     100%        4
 Summon Ice Beast         Ice/Summ       #.......     100%        4


Dungeon Overview and Level Annotations

Branches:
Dungeon (6/15)             Temple (1/1) D:4

Altars:
Ashenzari
Cheibriados
Dithmenos
Elyvilon
Fedhas
Gozag
Hepliaklqana
Kikubaaqudgha
Nemelex Xobeh
Okawaru
Qazlal
Ru
Sif Muna
Trog
Uskayaw
Vehumet
Xom
Yredelemnul
The Shining One


Innate Abilities, Weirdness & Mutations

You have a pair of antennae on your head.
You are mostly covered in yellow scales. (AC +3)
You are immune to rotting.


Message History

You feel sick. The orc warrior closely misses you.
You closely miss the orc warrior.
The orc warrior is severely wounded.
The orc warrior hits you with a +0 long sword!
* * * LOW HITPOINT WARNING * * *
You closely miss the orc warrior.
The orc warrior is severely wounded.
The orc warrior closely misses you.
You hit the orc warrior.
The orc warrior is severely wounded.
You feel sick.
The orc warrior hits you with a +0 long sword!
* * * LOW HITPOINT WARNING * * *
You hit the orc warrior.
The orc warrior is almost dead.
The orc warrior barely misses you.
You hit the orc warrior.
The orc warrior is almost dead.
The orc warrior hits you with a +0 long sword.
You die...

###....# #.......####......#
#.................####
###.......(....#.......#
........ ..........##.#
.##...... #######.......
........# ####....)[.. ..
###....# #.......)... ...
#... #@#####.#...####.# ...#
#.$# #o##......######.#
....##..# #o##.##.#.........
........###o##......<.......
...........s..........).....
.......o#{...........#......
#.#.).o.....########......
..###..............# ##..#.#
.(..............###...
....##).


You could see an orc warrior, a scorpion and 2 orcs.

Vanquished Creatures
  Edmund (D:5)
  An orc warrior (D:5)
  2 sky beasts
  A centaur (D:5)
  A bullfrog (D:5)
  A scorpion (D:5)
  A water moccasin skeleton (D:5)
  A howler monkey (D:5)
  4 hounds
  A bullfrog skeleton (D:5)
  3 orc priests
  2 centaur skeletons
  An iguana (D:5)
  6 orc wizards
  3 worker ants
  2 hound skeletons
  A howler monkey zombie (D:6)
  8 gnolls
  A howler monkey skeleton (D:5)
  6 adders
  2 shadow imps
  3 white imps
  2 ufetubi (D:5)
  2 oozes
  An adder skeleton (D:5)
  A worm (D:2)
  4 dart slugs
  2 leopard geckos
  19 orcs
  7 goblins
  14 hobgoblins
  4 jackals (D:6)
  A quokka (D:2)
  3 ball pythons
  8 bats
  3 frilled lizards
  8 kobolds
  A leopard gecko skeleton (D:5)
  A leopard gecko zombie (D:5)
  A quokka skeleton (D:6)
  9 rats
143 creatures vanquished.

Notes
Turn   | Place    | Note
-------+----------+-------------------------------------------
     0 | D:1      | BritishOli the Demonspawn Fighter began the quest for the
                  | Orb.
     0 | D:1      | Reached XP level 1. HP: 18/18 MP: 1/1
   142 | D:1      | Gained mutation: You are partially covered in yellow
                  | scales. (AC +2) [demonic ancestry]
   142 | D:1      | Reached XP level 2. HP: 23/24 MP: 2/2
   683 | D:2      | Gained mutation: You have a pair of small antennae on your
                  | head. [demonic ancestry]
   683 | D:2      | Reached XP level 3. HP: 29/29 MP: 3/3
  1412 | D:2      | Reached XP level 4. HP: 35/35 MP: 4/4
  2041 | D:3      | Gained mutation: You are mostly covered in yellow scales.
                  | (AC +3) [demonic ancestry]
  2041 | D:3      | Reached XP level 5. HP: 41/42 MP: 5/5
  2461 | D:4      | Found a staircase to the Ecumenical Temple.
  2543 | D:4      | Reached skill level 4 in Fighting
  2759 | D:4      | Reached XP level 6. HP: 47/48 MP: 6/6
  2932 | D:4      | Found a hazy altar of Hepliaklqana.
  3076 | Temple   | Entered the Ecumenical Temple
  3294 | Temple   | Became a worshipper of Warmaster Okawaru
  3386 | D:5      | Entered Level 5 of the Dungeon
  3401 | D:5      | Found a bloodstained altar of Trog.
  3406 | D:5      | Found a sparkling altar of Nemelex Xobeh.
  3406 | D:5      | Found a snail-covered altar of Cheibriados.
  3407 | D:5      | Noticed a sky beast
  3485 | D:4      | Killed a sky beast
  3758 | D:5      | Gained mutation: You have a pair of antennae on your head.
                  | [demonic ancestry]
  3758 | D:5      | Reached XP level 7. HP: 42/55 MP: 7/7
  4195 | D:5      | Reached * piety under Okawaru
  4217 | D:5      | Reached skill level 5 in Fighting
  4380 | D:5      | Got a twisted robe
  4684 | D:5      | Noticed Edmund
  4729 | D:5      | Killed Edmund
  4729 | D:5      | Reached skill level 5 in Shields
  4729 | D:5      | Gained mutation: You are immune to rotting. [demonic
                  | ancestry]
  4729 | D:5      | Reached XP level 8. HP: 20/63 MP: 8/8
  5097 | D:5      | Found a basalt altar of Yredelemnul.
  5097 | D:5      | Found an opulent altar of Gozag.
  5097 | D:5      | Found an ancient bone altar of Kikubaaqudgha.
  5098 | D:5      | Found a hide-covered altar of Uskayaw.
  5145 | D:6      | Reached skill level 5 in Armour
  5333 | D:5      | Reached ** piety under Okawaru
  5790 | D:6      | Got a slimy buckler
  5795 | D:5      | Reached skill level 6 in Fighting
  5795 | D:5      | Reached skill level 5 in Long Blades
  5806 | D:5      | Identified the +0 buckler of Xeho {rPois rC++ Str+4} (You
                  | found it on level 6 of the Dungeon)
  6087 | D:6      | HP: 1/64 [orc warrior/+0 long sword (12)]
  6089 | D:6      | Slain by an orc warrior

Illustrated notes

Levels and vault maps discovered:
D:1:      ncdulo_halloftheorcs, layout_loops_cross
D:2:      minmay_chambers_of_twos, layout_basic, minmay_misc_feat_square
D:3:      layout_rooms
D:4:      layout_rooms, kennysheep_little_box, minmay_temple_entry_ruins
D:5:      kennysheep_six_static_rooms, layout_loops_ring, minitemple,
          chequers_temple_overflow_statue_of_worship, minmay_quadrilaterals,
          uniq_edmund
D:6:      layout_rooms
Temple:   minmay_temple_curvy_loop

Skill      XL: |  1  2  3  4  5  6  7  8 |
---------------+-------------------------+-----
Long Blades    | 2 3 4 5 |  5.2
Shields        | 3 4 5 |  5.6
Armour         | 3 4 5 |  5.5
Fighting       | 4 5 6 |  6.1

Action                   |  1- 3 |  4- 6 |  7- 9 || total
-------------------------+-------+-------+-------++-------
Melee: Long sword        |   120 |   285 |   356 ||   761
  Use: Scroll            |       |     6 |       ||     6
Armor: Scale mail        |    53 |    36 |   122 ||   211
       Plate armour      |       |   139 |   117 ||   256
Dodge: Dodged            |    28 |    52 |    94 ||   174
Block: Kite shield       |    64 |   138 |   158 ||   360
       Buckler           |       |       |    24 ||    24
       Rpst.: Long sword |     4 |    17 |    19 ||    40

Table legend:
 A = Non-vault XP
 B = Vault XP
 C = Vault XP percentage of total XP
 D = Non-vault monster count
 E = Vault monster count
 F = Vault count percentage of total count
                 A         B        C        D         E       F
            +---------+---------+-------+---------+---------+-------
      Total |    1829 |     383 |  17.3 |     127 |      16 |  11.2
            +---------+---------+-------+---------+---------+-------
        D:1 |      38 |       0 |   0.0 |      23 |       0 |   0.0
        D:2 |      64 |      26 |  28.9 |      14 |       8 |  36.4
        D:3 |     111 |       0 |   0.0 |      26 |       0 |   0.0
        D:4 |     376 |       0 |   0.0 |      15 |       0 |   0.0
        D:5 |     931 |     357 |  27.7 |      29 |       8 |  21.6
        D:6 |     309 |       0 |   0.0 |      20 |       0 |   0.0
            +---------+---------+-------+---------+---------+-------
